 Dungeon Crawl Stone Soup version 0.28.0-45-g0d030f2227 (webtiles) character file.

Game seed: 3706405129235418948

30 MisterFreud the Skirmisher (level 3, -1/31 HPs)
             Began as a Palentonga Fighter on Apr 1, 2022.
             Slain by a quokka (4 damage)
             ... on level 2 of the Dungeon.
             The game lasted 00:01:03 (697 turns).

MisterFreud the Skirmisher (Palentonga Fighter)      Turns: 697, Time: 00:01:04

Health: -1/31      AC:  6    Str: 21    XL:     3   Next: 5%
Magic:  3/3        EV:  7    Int:  8    God:
Gold:   57         SH:  4    Dex:  9    Spells: 2/2 levels left

rFire   . . .      SeeInvis +   a - +0 flail
rCold   . . .      Faith    .   c - +0 buckler
rNeg    . . .      Spirit   .   b - +0 scale mail
rPois   .          Reflect  .   (no helmet)
rElec   .          Harm     .   (no cloak)
rCorr   .          Rampage  .   (no gloves)
Will    .....                   (no barding)
Stlth   ..........              (no amulet)
HPRegen 0.10/turn               (no ring)
MPRegen 0.08/turn               (no ring)

@: no status effects
A: large, rugged brown scales 3, see invisible, deformed body, roll 1, armoured
tail
a: Rolling Charge


You were on level 2 of the Dungeon.
You visited 1 branch of the dungeon, and saw 2 of its levels.

You collected 57 gold pieces.

Inventory:

Hand Weapons
 a - a +0 flail (weapon)
Missiles
 h - 3 poisoned darts
Armour
 b - a +0 scale mail (worn)
 c - a +0 buckler (worn)
Scrolls
 i - a scroll of enchant armour {unknown}
Potions
 d - a potion of might
 e - 2 potions of mutation {unknown}
 f - 2 potions of curing {unknown}
 g - a potion of invisibility {unknown}
 j - a potion of resistance {unknown}


   Skills:
 + Level 3.3 Fighting
 + Level 2.4 Maces & Flails
 + Level 2.7 Armour
 + Level 2.7 Shields


You had 2 spell levels left.
You didn't know any spells.
Your spell library was empty.

Dungeon Overview and Level Annotations

Branches:
Dungeon (2/15)

Altars:

Shops:
D:1 [


Innate Abilities, Weirdness & Mutations

You are completely covered in rugged brown scales. (AC +3, +7% HP)
You have supernaturally acute eyesight. (SInv)
Armour fits poorly on your strangely shaped body.
You can roll at nearby foes to attack.
You have a long armoured tail.


Message History

You are frozen.
* * * LOW HITPOINT WARNING * * *
Unknown command.
You sock the endoplasm!
You kill the endoplasm!
The rat bites you but does no damage.
The quokka bites you but does no damage.
You block the rat's attack.
Unknown command.
You hit the dart slug.
The dart slug is lightly wounded.
The quokka barely misses you.
The quokka bites you but does no damage.
The rat bites you but does no damage.
Unknown command.
You thump the dart slug!
The dart slug is severely wounded.
The quokka bites you but does no damage.
The rat barely misses you.
The dart slug bites you but does no damage.
The quokka bites you but does no damage.
Unknown command.
You sock the dart slug!
You kill the dart slug!
The rat bites you but does no damage. The quokka bites you.
* * * LOW HITPOINT WARNING * * *
The rat bites you but does no damage.
You have reached level 3!
Your experience leads to an increase in your attributes!
Increase (S)trength, (I)ntelligence, or (D)exterity?
You feel stronger. x2
Things that are here:
a dart slug corpse; a rat corpse A rat comes into view.
The rat twitches its whiskers.
A rat comes into view.
The rat twitches its whiskers.
You block the rat's attack. The quokka closely misses you.
The quokka bites you.
You die...

......#.....######
.....)# ....#....##
......###..##.....##
..)<....#.##.......#
###.#.....r........#
#.#..##..†.......#
#.....†....rr....#
#..####.rrrrr....#
#..# ##...rrr@.##
#...# #........<.#
...#.# #......!...#
#.. #..........#
#..........#
#..........#
##........##
##......##


You could see a quokka and 10 rats.

Vanquished Creatures
  A gnoll (D:1)
  2 dart slugs
  2 ball pythons
  An endoplasm (D:2)
  A giant cockroach (D:1)
  A hobgoblin (D:1)
  A quokka (D:1)
  A bat (D:2)
  2 goblins
  7 rats (D:2)
19 creatures vanquished.

Notes
Turn   | Place    | Note
-------+----------+-------------------------------------------
     0 | D:1      | MisterFreud the Palentonga Fighter began the quest for the
                  | Orb.
     0 | D:1      | Reached XP level 1. HP: 19/19 MP: 1/1
   148 | D:1      | Found Meomi's Antique Armour Shop.
   284 | D:1      | Reached XP level 2. HP: 14/25 MP: 2/2
   419 | D:1      | Found a faded altar of an unknown god.
   689 | D:2      | Reached XP level 3. HP: 2/31 MP: 3/3
   697 | D:2      | Slain by a quokka

Illustrated notes

Levels and vault maps discovered:
D:1:      dpeg_arrival_arbitrary_b, layout_rooms, serial_shops, shop_fountains,
          dreamdust_ecumenical_altar_grove, nrook_campfire,
          corexii_item_surrounded_by_moat
D:2:      layout_rooms, minmay_misc_feat_iff, grunt_ministairs_2,
          minmay_rat_hole, uniq_terence, uniq_robin, uniq_sigmund, uniq_jessica

Action                   || total
-------------------------++-------
Melee: Flail             ||    44
       Tailslap          ||     6
 Abil: Rolling Charge    ||     4
Armor: Scale mail        ||    33
Dodge: Dodged            ||    26
Block: Buckler           ||    14
